 Dungeon Crawl Stone Soup version 0.17.2-1-ge4368a0 (webtiles) character file.

60 hurricos the Gusty (level 4, 24/24 HPs)
             Began as a Tengu Air Elementalist on Oct 15, 2016.
             Quit the game on level 2 of the Dungeon.
             The game lasted 00:01:29 (1659 turns).

hurricos the Gusty (Tengu Air Elementalist)         Turns: 1659, Time: 00:01:29

Health: 24/24      AC:  2    Str:  9    XL:     4   Next: 4%
Magic:  6/9        EV: 12    Int: 16    God:
Gold:   100        SH:  0    Dex: 14    Spells: 3 memorised, 2 levels left

rFire  . . .     SeeInvis .     a - +0 halberd
rCold  . . .     Clarity  .     e - +0 robe
rNeg   . . .     SustAt   .     (shield currently unavailable)
rPois  .         Gourm    .     (helmet restricted)
rElec  .         Spirit   .     (no cloak)
rCorr  .         Warding  .     (no gloves)
rMut   .         Stasis   .     (boots unavailable)
MR     .....                    (no amulet)
Stlth  ++........               (no ring)
                                (no ring)

@: repel missiles, not resistant to hostile enchantments, unstealthy
A: beak, talons 3
a: no special abilities


You were on level 2 of the Dungeon.
You were not hungry.

You visited 1 branch of the dungeon, and saw 2 of its levels.

You collected 100 gold pieces.

Inventory:

Hand Weapons
 a - a +0 halberd (weapon)
Armour
 e - a +0 robe (worn)
Scrolls
 f - 3 scrolls of remove curse {unknown}
 h - 2 scrolls of teleportation {unknown}
 l - 2 scrolls of identify {unknown}
 m - a scroll of random uselessness {unknown}
 o - a scroll of noise {unknown}
 q - a scroll of magic mapping {unknown}
Potions
 d - a potion of brilliance {unknown}
 g - a potion of cure mutation {unknown}
 i - 2 potions of flight {unknown}
 j - a potion of lignification {unknown}
 k - a potion of curing {unknown}
 n - a potion of agility {unknown}
 p - a potion of might {unknown}
Books
 b - a book of Air

   Spells                             Type                      Level
   a - Shock                          Conjuration/Air              1
   b - Swiftness                      Charms/Air                   2
   c - Repel Missiles                 Charms/Air                   2
   d - Static Discharge               Conjuration/Air              3
   e - Lightning Bolt                 Conjuration/Air              5
Comestibles
 c - 2 bread rations


   Skills:
 - Level 2.1 Dodging
 - Level 2.0 Stealth
 * Level 2.6 Spellcasting
 * Level 3.0 Conjurations
 * Level 5.0 Air Magic


You had 2 spell levels left.
You knew the following spells:

 Your Spells              Type           Power        Failure   Level  Hunger
a - Shock                 Conj/Air       ###.         4%          1    #......
c - Static Discharge      Conj/Air       ###.....     12%         3    ###....
k - Repel Missiles        Chrm/Air       ##....       12%         2    ##.....


Dungeon Overview and Level Annotations

Branches:
Dungeon (2/15)

Altars:


Innate Abilities, Weirdness & Mutations

You have a beak for a mouth.
You have claws for feet.


Message History

You can't see any susceptible monsters within range! (Use Z to cast anyway.)
You see here a bat corpse.
A kobold comes into view. It is wielding a whip.
Casting: Shock
Confirm with . or Enter, or press ? or * to list all spells.
Aiming: Shock
Press: ? - help, Shift-Dir - straight line, f - kobold
Aim: a kobold, wielding a whip (resting)
The zap hits the kobold.
The kobold is moderately wounded.
The kobold shouts!
The kobold closely misses you.
You hit the kobold.
You kill the kobold!
No target in view!
No target in view!
No target in view!
You see here a bat corpse.
A hobgoblin comes into view. It is wielding a club.
Are you sure you want to abandon this character and quit the game? (Confirm with "yes".)

#.# ######......#
#.# #.....##...###
#.####.#####......##
#.......# #.##.....
#.......# #. ##.##.
##......# #.###..##
#......# #....#.#
#......####....#.##
#.@....##..........
#.[....# #....#.##
#......# #....#..#
#...†....## ###....
.#.##..######...##.
..... .........#####
......
#.############
...##g .# ........
###+###.


You could see a hobgoblin (sleeping).

Vanquished Creatures
  An adder (D:2)
  A gnoll (D:1)
  2 worms (D:2)
  A giant gecko (D:1)
  11 bats
  A hobgoblin (D:1)
  A quokka (D:1)
  A ball python (D:1)
  2 giant cockroaches (D:2)
  A giant newt (D:1)
  6 goblins
  7 kobolds
  5 rats
40 creatures vanquished.

Notes
Turn   | Place    | Note
--------------------------------------------------------------
     0 | D:1      | hurricos the Tengu Air Elementalist began the quest for the Orb.
     0 | D:1      | Reached XP level 1. HP: 10/10 MP: 4/4
   133 | D:1      | Reached XP level 2. HP: 15/15 MP: 1/6
   389 | D:1      | Reached XP level 3. HP: 19/19 MP: 3/7
  1306 | D:1      | Learned a level 2 spell: Repel Missiles
  1310 | D:1      | Learned a level 3 spell: Static Discharge
  1554 | D:2      | Reached skill level 5 in Air Magic
  1581 | D:2      | Reached XP level 4. HP: 24/24 MP: 3/8
  1659 | D:2      | Quit the game

Action                   |  1- 3 |  4- 6 || total
-------------------------+-------+-------++-------
Melee: Unarmed           |     2 |       ||     2
       Halberd           |     7 |     1 ||     8
 Cast: Shock             |    61 |     6 ||    67
       Repel Missiles    |     1 |       ||     1
       Static Discharge  |     1 |       ||     1
  Eat: Chunk             |     3 |       ||     3
